 Dungeon Crawl Stone Soup version 0.29-a0-822-ga620ab95ad (webtiles) character file.

Game seed: 11842306007672305354

509 DungeonMaster the Magician (level 6, -4/41 HPs)
             Began as a Demonspawn Hedge Wizard on July 7, 2022.
             Slain by Edmund
             ... wielding a +2 dire flail of holy wrath
              (8 damage)
             ... on level 4 of the Dungeon.
             The game lasted 00:11:34 (5506 turns).

DungeonMaster the Magician (DsHW)                   Turns: 5506, Time: 00:11:35

Health: -4/41      AC:  4    Str: 11    XL:     6   Next: 98%
Magic:  9/12       EV: 14    Int: 17    God:
Gold:   186        SH:  0    Dex: 12    Spells: 8/14 levels left

rFire   . . .      SeeInvis .   a - +0 dagger (speed)
rCold   . . .      Faith    .   (no shield)
rNeg    . . .      Spirit   .   b - +0 robe
rPois   .          Reflect  .   l - +0 helmet
rElec   .          Harm     .   (no cloak)
rCorr   .          Rampage  .   (no gloves)
Will    .....                   p - +0 pair of boots
Stlth   +.........              r - amulet of regeneration
HPRegen 0.93/turn               n - ring of wizardry
MPRegen 0.13/turn               (no ring)

@: confused
A: repulsion field 1, spiny 1, demonic touch 1
a: no special abilities


You were on level 4 of the Dungeon.
You visited 1 branch of the dungeon, and saw 4 of its levels.

You collected 186 gold pieces.

Inventory:

Hand Weapons
 a - a +0 dagger of speed (weapon)
 f - a +0 club
 j - a +1 dagger of holy wrath
 s - a +0 mace
Missiles
 e - 5 poisoned darts
 i - 32 stones
Armour
 b - a +0 robe (worn)
 h - a +0 leather armour
 l - a +0 helmet (worn)
 p - a +0 pair of boots (worn)
Jewellery
 n - a ring of wizardry (left hand)
 r - an amulet of regeneration (around neck)
Wands
 o - a wand of charming (5)
Scrolls
 c - a scroll of teleportation
 k - a scroll of identify
 q - a scroll of immolation
Potions
 d - a potion of magic
 g - a potion of heal wounds
 m - a potion of might
 t - 3 potions of attraction {unknown}


   Skills:
 + Level 2.6 Dodging
 - Level 1.7 Stealth
 * Level 4.5 Spellcasting
 * Level 3.7 Conjurations
 - Level 1.0 Summonings
 - Level 0.8 Translocations
 * Level 2.6 Air Magic
 * Level 2.7 Poison Magic


You had 8 spell levels left.
You knew the following spells:

 Your Spells              Type           Power      Damage    Failure   Level
a - Magic Dart            Conj           64%        1d6       1%          1
b - Blink                 Tloc           12%        N/A       6%          2
d - Mephitic Cloud        Conj/Pois/Air  14%        N/A       5%          3

Your spell library contained the following spells:

 Spells                   Type           Power      Damage    Failure   Level
 Slow                     Hex            12%        N/A       6%          1
 Call Imp                 Summ           7%         N/A       6%          2
 Conjure Flame            Conj/Fire      10%        6-21      9%          3
 Confusing Touch          Hex            3%         N/A       17%         3
 Yara's Violent Unravell  Hex/Tmut       1%         3d3       82%         5
 Enfeeble                 Hex            1%         N/A       100%        7


Dungeon Overview and Level Annotations

Branches:
Dungeon (4/15)
 Temple: D:4-7

Altars:
Yredelemnul

Annotations:
D:2 exclusion: 2 orcs
D:4 Edmund


Innate Abilities, Weirdness & Mutations

You are surrounded by a mild repulsion field. (EV +2)
You are partially covered in sharp spines.
Your touch may inflict minor irresistible damage on your foes.


Message History

Aim: an orc, wielding a +0 war axe (heavily wounded, confused, 100% to hit)
The magic dart hits the orc.
You kill the orc!
Casting: Magic Dart (safe; 1% risk of failure)
Confirm with . or Enter, or press ? or * to list all spells.
Aiming: Magic Dart (safe; 1% risk of failure)
Press: ? - help, Shift-Dir - straight line, f - you That beam is likely to hit you.
Continue anyway? [Y]es or [N]o only, please.
That beam is likely to hit you.
Continue anyway? [Y]es or [N]o only, please.
That beam is likely to hit you.
Continue anyway?
Okay, then.
There is a stone staircase leading up here.
i - 32 stones (gained 8) Edmund the Younger comes into view.
He is wielding a +2 dire flail of holy wrath and wearing a +0 scale mail of willpower.
Okay, then.
Edmund shouts!
Edmund completely misses you. Edmund attacks as you move away!
Edmund barely misses you. Edmund attacks as you move away!
Edmund hits you with a +2 dire flail of holy wrath!
You convulse!
* * * LOW HITPOINT WARNING * * *
Casting: Magic Dart (safe; 1% risk of failure)
Confirm with . or Enter, or press ? or * to list all spells.
Aiming: Mephitic Cloud (dangerous; 5% risk of failure)
Press: ? - help, Shift-Dir - straight line, f - Edmund
Aim: Edmund, wielding a +2 dire flail of holy wrath and wearing a +0 scale mail of willpower (chance to affect: 81%) That beam is likely to hit you.
Continue anyway?
The ball explodes into a vile cloud!
The stinking cloud engulfs Edmund but does no damage.
The stinking cloud engulfs you but does no damage.
You are engulfed in noxious fumes.
You choke on the stench!
You are confused.
Edmund is engulfed in noxious fumes.
Edmund appears confused.
Edmund hits you with a +2 dire flail of holy wrath!
* * * LOW HITPOINT WARNING * * *
You convulse!
You die...

........# #.#.#
........######.#.#
............##.#.#
........###.##.#.#
.###...<# #.##.#.#
.###..>## #.##.#.#
.....#.# #.##.#.#
####.#.####.##.#.#
######...##.##.#@#
...............#@#
######.#.##.####○#
###.##.# #.#
#.##.# #.#
#.##.####.###
#.##........#
#.#######.#.# #.#
#.#.#


You could see Edmund (confused).

Vanquished Creatures
  Sigmund (D:2)
  A kobold brigand (D:3)
  2 hounds
  2 orc wizards (D:3)
  Robin (D:3)
  6 adders
  3 worms
  2 dart slugs
  7 orcs
  5 ball pythons
  5 bats
  4 endoplasms
  2 giant cockroaches
  13 goblins
  9 hobgoblins
  2 quokkas
  3 frilled lizards
  16 kobolds
  6 rats
90 creatures vanquished.

Vanquished Creatures (collateral kills)
  2 goblins (D:3)
2 creatures vanquished.

Grand Total: 92 creatures vanquished

Notes
Turn   | Place    | Note
-------+----------+-------------------------------------------
     0 | D:1      | DungeonMaster the Demonspawn Hedge Wizard began the quest
                  | for the Orb.
     0 | D:1      | Reached XP level 1. HP: 13/13 MP: 4/4
   272 | D:1      | Gained mutation: Your touch may inflict minor irresistible
                  | damage on your foes. [demonic ancestry]
   272 | D:1      | Reached XP level 2. HP: 18/19 MP: 1/6
  1024 | D:2      | Gained mutation: You are surrounded by a mild repulsion
                  | field. (EV +2) [demonic ancestry]
  1024 | D:2      | Reached XP level 3. HP: 24/24 MP: 0/8
  1094 | D:1      | Learned a level 2 spell: Blink
  1098 | D:1      | Learned a level 3 spell: Mephitic Cloud
  2158 | D:2      | Noticed Sigmund
  2829 | D:3      | Reached XP level 4. HP: 30/30 MP: 6/9
  2985 | D:2      | Reached skill level 1 in Air Magic
  2985 | D:2      | Reached skill level 1 in Poison Magic
  3627 | D:3      | Gained mutation: You are partially covered in sharp spines.
                  | [demonic ancestry]
  3627 | D:3      | Reached XP level 5. HP: 35/35 MP: 1/10
  3749 | D:3      | Reached skill level 4 in Spellcasting
  4256 | D:3      | Found a basalt altar of Yredelemnul.
  4326 | D:3      | Found a faded altar of an unknown god.
  4337 | D:3      | Noticed Robin
  4401 | D:3      | Killed Robin
  4841 | D:3      | Reached XP level 6. HP: 41/41 MP: 8/12
  5054 | D:2      | Killed Sigmund
  5498 | D:4      | Noticed Edmund
  5506 | D:4      | Slain by Edmund

Illustrated notes

Levels and vault maps discovered:
D:1:      saegor_arrival_under_anarchy, layout_basic, moated_statue
D:2:      layout_basic, uniq_sigmund
D:3:      cheibrodos_thug_alley, layout_basic, tso_altar,
          mainiacjoe_overflow_brackets, shapermc_ecumenical_altar_venn,
          kennysheep_generic_room_2, uniq_robin
D:4:      layout_basic, minmay_temple_entry_antechambers, uniq_edmund,
          uniq_menkaure

Skill      XL: |  1  2  3  4  5 |
---------------+----------------+-----
Conjurations   | 2 3 |  3.7
Dodging        | 2 |  2.6
Air Magic      | 1 2 |  2.6
Poison Magic   | 1 2 |  2.7
Spellcasting   | 4 |  4.5
Stealth        | |  1.7
Summonings     | |  1.0
Translocations | |  0.8

Action                   |  1- 3 |  4- 6 || total
-------------------------+-------+-------++-------
Melee: Short sword       |    18 |       ||    18
       Touch             |     3 |     9 ||    12
       Dagger            |     1 |    71 ||    72
       Punch             |     1 |     1 ||     2
 Cast: Magic Dart        |   103 |    93 ||   196
       Mephitic Cloud    |       |     9 ||     9
  Use: Scroll            |     4 |     9 ||    13
       Potion            |       |     3 ||     3
 Stab: Sleeping          |     1 |       ||     1
       Confused          |       |     2 ||     2
Armor: Robe              |     3 |     8 ||    11
Dodge: Dodged            |    19 |    56 ||    75

Table legend: (Time is in decaauts)
 A = Elapsed time spent in this place.
 B = Non-inter-level travel time spent in this place.
 C = Inter-level travel time spent in this place.
 D = Time resting spent in this place.
 E = Time spent auto-exploring this place.
 F = Levels seen in this place.
 G = Mean time per level.
                   A        B        C        D        E       F      G
               +--------+--------+--------+--------+--------+-----+--------+
         Total |   5489 |   5347 |    142 |   2425 |   2060 |   4 | 1372.2 |
       Dungeon |   5489 |   5347 |    142 |   2425 |   2060 |   4 | 1372.2 |
               +--------+--------+--------+--------+--------+-----+--------+

Top non-repeatable levels by time:
     D:2: 2060 daAuts
     D:3: 1698 daAuts
     D:1: 1350 daAuts
     D:4: 380 daAuts
